 Dungeon Crawl Stone Soup version 0.30-a0-1050-g2766ea1e55 (webtiles) character file.

Game seed: 373702919024600599

1049 MacCMillion the Skirmisher (level 7, -1/53 HPs)
             Began as a Demigod Hunter on Apr 11, 2023.
             Slain by Edmund
             ... wielding a +2 flail of holy wrath
              (11 damage)
             ... on level 6 of the Dungeon.
             The game lasted 00:07:19 (6371 turns).

MacCMillion the Skirmisher (Demigod Hunter)         Turns: 6371, Time: 00:07:20

Health: -1/53      AC:  6    Str: 12    XL:     7   Next: 76%
Magic:  9/9        EV: 12    Int: 11    God:
Gold:   155        SH:  0    Dex: 25    Spells: 6/6 levels left

rFire   + . .      SeeInvis +    n - +1 sling (elec)
rCold   . . .      Faith    .    (no shield)
rNeg    . . .      Spirit   .    c - +0 leather armour
rPois   .          Reflect  .    t - +1 helmet of Resonance {rF+ rCorr}
rElec   .          Rampage  .    (no cloak)
rCorr   +                        (no gloves)
Will    .....                    x - +0 pair of boots
Stlth   ++                       (no amulet)
HPRegen 0.28/turn                g - ring of see invisible
MPRegen 0.11/turn                (no ring)

@: no status effects
A: high MP 1, forlorn, divine attributes
a: no special abilities


You were on level 6 of the Dungeon.
You visited 1 branch of the dungeon, and saw 6 of its levels.

You collected 326 gold pieces.
You spent 171 gold pieces at shops.

Inventory:

Hand Weapons
 a - a +0 shortbow
 n - a +1 sling of electrocution (weapon)
Missiles
 u - 2 throwing nets
Armour
 c - a +0 leather armour (worn)
 t - the +1 helmet of Resonance (worn) {rF+ rCorr}
   (You bought it in a shop on level 4 of the Dungeon)

   rF:        It protects you from fire.
   rCorr:     It protects you from acid and corrosion.
 x - a +0 pair of boots (worn)
Jewellery
 g - a ring of see invisible (left hand)
 y - a ring of magical power
 z - a +6 ring of dexterity
Wands
 q - a wand of light (18)
Scrolls
 b - 3 scrolls of immolation
 f - 4 scrolls of blinking {unknown}
 h - 3 scrolls of teleportation {unknown}
 k - 3 scrolls of identify {unknown}
 l - 4 scrolls of vulnerability {unknown}
 o - a scroll of summoning {unknown}
 p - a scroll of magic mapping {unknown}
 s - a scroll of silence {unknown}
 v - 2 scrolls of enchant armour {unknown}
Potions
 d - a potion of haste
 e - a potion of degeneration
 i - 3 potions of curing
 j - 2 potions of lignification {unknown}
 m - 3 potions of attraction {unknown}
 r - a potion of heal wounds {unknown}
 w - a potion of magic {unknown}


   Skills:
 - Level 1.7 Fighting
 + Level 9.2 Ranged Weapons
 - Level 1.7 Dodging
 - Level 2.0 Stealth


You had 6 spell levels left.
You didn't know any spells.
Your spell library contained the following spells:

 Spells                   Type           Power      Damage    Failure   Level
 Beastly Appendage        Tmut           0%         N/A       41%         1
 Magic Dart               Conj           0%         1d3       41%         1
 Call Imp                 Summ           0%         N/A       56%         2
 Wereblood                Tmut           0%         N/A       56%         2
 Gell's Gravitas          Tloc           0%         N/A       80%         3
 Mephitic Cloud           Conj/Pois/Air  0%         N/A       80%         3
 Spider Form              Tmut/Pois      0%         N/A       80%         3
 Teleport Other           Tloc           0%         N/A       80%         3
 Dispersal                Tloc           0%         N/A       100%        6


Dungeon Overview and Level Annotations

Branches:
Dungeon (6/15)
 Temple: D:4-7

Shops:
D:4 [

Annotations:
D:6 Edmund


Innate Abilities, Weirdness & Mutations

You have an increased reservoir of magic. (+10% MP)
You shall have no god before yourself.
Your divine heritage dramatically boosts your attributes as you level up.


Message History

You easily resist.
You shoot a sling bullet. The sling bullet hits the centaur!
The centaur is moderately wounded.
The centaur zaps a wand.
You easily resist.
The centaur shoots an arrow.
The arrow barely misses you.
You shoot a sling bullet.
The sling bullet barely misses the centaur.
The centaur zaps a wand.
Your will is overpowered!
You are confused.
The centaur shoots an arrow.
The arrow hits you.
The centaur shoots an arrow.
The arrow hits you!
The centaur zaps a wand.
Your will is overpowered!
You are more confused.
You bump into the rock wall.
The centaur zaps a wand.
You easily resist.
The centaur shoots an arrow.
The arrow closely misses you.
You bump into the rock wall.
The centaur zaps a wand.
Your will is overpowered!
You are more confused.
You bump into the rock wall.
Edmund completely misses you.
The centaur shoots an arrow.
The arrow closely misses you.
You bump into the rock wall.
Edmund hits you with a +2 flail of holy wrath!
Edmund attacks as you move away! Edmund closely misses you.
Edmund attacks as you move away!
Edmund hits you with a +2 flail of holy wrath!
* * * LOW HITPOINT WARNING * * *
You are too confused!
You bump into the rock wall.
Edmund barely misses you.
You clumsily bash Edmund but do no damage.
Edmund is lightly wounded.
Edmund hits you with a +2 flail of holy wrath!
* * * LOW HITPOINT WARNING * * *
Edmund hits you with a +2 flail of holy wrath.
* * * LOW HITPOINT WARNING * * *
Unknown command.
You feel better.
Edmund hits you with a +2 flail of holy wrath!
You die...

#.##..........+
#..[..........#
#######.......#
#.......#
####.#### #.#
#c# #@# #@# #.#
#.##### #.....#
#.###.#### ###
#.#... #.##.#
#.##.# #.##.#


You could see Edmund and a centaur.

Vanquished Creatures
  Menkaure (D:5)
  A water moccasin (D:5)
  An ice beast (D:4)
  An ogre (D:4)
  A bullfrog (D:3)
  A scorpion (D:5)
  An orc priest (D:3)
  3 hounds
  A jelly (D:5)
  A gnoll bouda (D:4)
  A sleepcap (D:4)
  3 orc wizards
  7 gnolls (D:4)
  6 adders
  A white imp (D:3)
  An ufetubus (D:5)
  2 worms
  3 dart slugs
  12 orcs
  7 bats
  7 endoplasms
  3 giant cockroaches
  7 goblins
  12 hobgoblins
  2 quokkas (D:3)
  9 ball pythons
  2 frilled lizards
  4 kobolds
  6 rats
107 creatures vanquished.

Vanquished Creatures (others)
  17 plants (D:4)
17 creatures vanquished.

Grand Total: 124 creatures vanquished

Notes
Turn   | Place    | Note
-------+----------+-------------------------------------------
     0 | D:1      | MacCMillion the Demigod Hunter began the quest for the Orb.
     0 | D:1      | Reached XP level 1. HP: 17/17 MP: 3/3
     5 | D:1      | Reached skill level 1 in Stealth
   300 | D:1      | Reached XP level 2. HP: 22/24 MP: 4/4
   581 | D:1      | Reached skill level 4 in Ranged Weapons
   581 | D:1      | Reached XP level 3. HP: 25/29 MP: 5/5
  1113 | D:2      | Reached XP level 4. HP: 36/36 MP: 6/6
  1186 | D:2      | Reached skill level 5 in Ranged Weapons
  2303 | D:3      | Reached XP level 5. HP: 41/41 MP: 7/7
  2584 | D:3      | Reached skill level 6 in Ranged Weapons
  3186 | D:4      | Noticed an ice beast
  3502 | D:3      | Reached XP level 6. HP: 9/48 MP: 8/8
  4746 | D:4      | Reached skill level 7 in Ranged Weapons
  5085 | D:4      | Reached skill level 8 in Ranged Weapons
  5085 | D:4      | Reached XP level 7. HP: 39/53 MP: 9/9
  5242 | D:4      | Found Tirgh's Antique Armour Boutique.
  5258 | D:4      | Bought a crude helmet for 171 gold pieces
  5258 | D:4      | Identified the +1 helmet of Resonance {rF+ rCorr} (You
                  | bought it in a shop on level 4 of the Dungeon)
  5430 | D:5      | Entered Level 5 of the Dungeon
  5460 | D:5      | Noticed Menkaure
  5465 | D:5      | Killed Menkaure
  5990 | D:5      | Reached skill level 9 in Ranged Weapons
  6342 | D:6      | Noticed Edmund
  6371 | D:6      | Slain by Edmund

Illustrated notes

Levels and vault maps discovered:
D:1:      spicycebolla_green_bress_n_ham, layout_basic, minivault_19
D:2:      layout_basic, minmay_misc_feat_square, grunt_decor_arrowhead
D:3:      minmay_spotlight, layout_loops_ring,
          shapermc_ecumenical_altar_notcrosses, kennysheep_orc_chapel
D:4:      layout_gridville, grunt_temple_overflow_open,
          mainiacjoe_overflow_concentric_impassable, serial_shops,
          nicolae_shop_waterfront, minivault_23, serial_bayou_pond_c,
          grunt_ministairs_1
D:5:      layout_basic, mainiacjoe_overflow_boulevard, uniq_menkaure
D:6:      layout_basic, lightli_minifort, uniq_edmund

Skill      XL: |  1  2  3  4  5  6  7 |
---------------+----------------------+-----
Stealth        | 1 2 |  2.0
Ranged Weapons | 4 5 6 8 9 |  9.2
Fighting       | |  1.7
Dodging        | |  1.7

Action                     |  1- 3 |  4- 6 |  7- 9 || total
---------------------------+-------+-------+-------++-------
  Melee: Sling             |       |       |     1 ||     1
   Fire: Shortbow          |    59 |       |       ||    59
         Sling             |    10 |   208 |    40 ||   258
    Use: Potion            |       |     3 |     1 ||     4
 Armour: Leather armour    |     6 |    21 |       ||    27
  Dodge: Dodged            |     9 |    90 |    10 ||   109

Table legend: (Time is in decaauts)
 A = Elapsed time spent in this place.
 B = Non-inter-level travel time spent in this place.
 C = Inter-level travel time spent in this place.
 D = Time resting spent in this place.
 E = Time spent auto-exploring this place.
 F = Levels seen in this place.
 G = Mean time per level.
                   A        B        C        D        E       F      G
               +--------+--------+--------+--------+--------+-----+--------+
         Total |   6415 |   6207 |    208 |   2784 |   2699 |   6 | 1069.2 |
       Dungeon |   6415 |   6207 |    208 |   2784 |   2699 |   6 | 1069.2 |
               +--------+--------+--------+--------+--------+-----+--------+

Top non-repeatable levels by time:
     D:3: 1952 daAuts
     D:4: 1718 daAuts
     D:2: 1172 daAuts
     D:5: 757 daAuts
     D:1: 630 daAuts
     D:6: 183 daAuts
